 Dungeon Sprint DCSS version 0.17.1-3-g152610e (webtiles) character file.

19254 hexophile the Brawler (level 12, 0/131 HPs)
             Began as a Troll Monk on Apr 19, 2016.
             Was the Champion of Makhleb.
             Slain by a ghost moth (9 damage)
             ... in the Dungeon (Sprint IX: "|||||||||||||||||||||||||||||").
             The game lasted 00:08:00 (1624 turns).

hexophile the Brawler (Troll Monk)                  Turns: 1624, Time: 00:08:00

Health: 0/131      AC: 16    Str: 24 (26) XL:     12   Next: 34%
Magic:  1/19       EV:  9    Int:  5 (6)  God:    Makhleb [******]
Gold:   1171       SH: 14    Dex:  7 (12) Spells: 0 memorised, 11 levels left

rFire  + . .     SeeInvis .       - Unarmed
rCold  + . .     Clarity  .     B - +4 mottled dragon armour {rSticky}
rNeg   . . .     SustAt   .     x - +0 large shield
rPois  .         Gourm    +     (helmet restricted)
rElec  .         Spirit   .     C - +1 cloak
rCorr  .         Warding  .     (gloves unavailable)
rMut   .         NoTele   +     (boots unavailable)
MR     .....                    (no amulet)
Stlth  +.........               z - ring of protection from fire {rF+}
                                A - ring of protection from cold {rC+}

@: lethally poisoned (0 -> -41), very slightly contaminated, hasted, invisible,
very quick, not resistant to hostile enchantments, very unstealthy
A: unfitting armour, claws 3, fast metabolism 3, gourmand, regeneration 2,
shaggy fur 1, tough skin 2
a: Minor Destruction, Lesser Servant of Makhleb, Major Destruction, Greater
Servant of Makhleb, Renounce Religion


You were in the Dungeon.
You worshipped Makhleb.
Makhleb was exalted by your worship.
You were completely stuffed.

You visited 1 branch You collected 1750 gold pieces.
You spent 579 gold pieces at shops.


Innate Abilities, Weirdness & Mutations

You are too large for most types of armour.
You have claws for hands.
Your metabolism is lightning-fast.
You like to eat raw meat.
You heal very quickly.
You are covered in fur (AC +1).
You have very tough skin (AC +2).

Inventory:

Hand Weapons
 b - a +3 giant spiked club
Missiles
 s - 16 poisoned needles
Armour
 q - an ice dragon hide {rC++ rF-}
 w - a +1 robe of magic resistance {MR+}
 x - a +0 large shield (worn)
 B - a +4 mottled dragon armour (worn) {rSticky}
 C - a +1 cloak (worn)
Jewellery
 z - a ring of protection from fire (right claw) {rF+}
 A - a ring of protection from cold (left claw) {rC+}
Wands
 j - a wand of cold (0)
Scrolls
 i - 3 scrolls of remove curse
 n - 4 scrolls of identify
 o - 3 scrolls of fog
 v - 2 scrolls of fear
Potions
 c - 4 potions of curing
 d - a potion of heal wounds
 f - 4 potions of magic
 g - 2 potions of brilliance {Archmagi Int+5 Wiz++}
 m - a potion of agility {Stlth+ Dex+5 EV+5}
Miscellaneous
 y - a phial of floods
Comestibles
 p - 6 chunks of flesh
 r - 14 bread rations
 t - 40 fruits
 u - 12 meat rations


You had 11 spell levels left.
You didn't know any spells.


   Skills:
 * Level 11.6 Fighting
 * Level 4.7 Armour
 * Level 11.7 Dodging
 - Level 1.1 Stealth
 * Level 4.5 Shields
 * Level 20.1 Unarmed Combat
 - Level 11.8 Invocations

Dungeon Overview and Level Annotations

Branches:
Dungeon (1/1)

Altars:
Cheibriados
Dithmenos
Elyvilon
Fedhas
Gozag
Kikubaaqudgha
Makhleb
Nemelex Xobeh
Okawaru
Qazlal
Ru
Sif Muna
Trog
Vehumet
Xom
Yredelemnul
Zin
The Shining One
Beogh
Jiyva
Lugonu

Shops:
D (([}

Vault maps used:
D:        linesprint
You       could see a green death and an entropy weaver.


Message History

You feel much better.
* * * LOW HITPOINT WARNING * * *
You feel very sick. The green death misses you.
The entropy weaver begins to chant a word of entropy!
You feel you are being watched by something.
Something hits you but does no damage. x2
Something completely misses you.
Restored 23 HP.
You have now: 39/131 HP.
Unknown command.
Unknown command.
Unknown command.
Evoke which item? (* to show all) (? for menu, Esc to quit)
Zapping:
j - a wand of cold (2)
Press: ? - help, Shift-Dir - straight line The bolt of cold hits the entropy weaver.
The entropy weaver is moderately wounded.
This wand has 1 charge left.
* * * LOW HITPOINT WARNING * * *
You feel very sick. You block the green death's attack.
You lost 4 HP.
You have now: 35/131 HP.
Unknown command.
Unknown command.
Evoke which item? (* to show all) (? for menu, Esc to quit)
Zapping:
j - a wand of cold (1)
Press: ? - help, Shift-Dir - straight line, f - green death
Aim: a green death (lightly wounded, summoned)
The bolt of cold hits the green death.
The green death is moderately wounded.
This wand has 0 charges left.
* * * LOW HITPOINT WARNING * * *
You feel very sick. Something hits you but does no damage. Something hits you!
* * * LOW HITPOINT WARNING * * *
Something stings you but does no damage.
You lost 11 HP.
You have now: 24/131 HP.
Unknown command.
Unknown command.
Unknown command.
Drink which item? (? for menu, Esc to quit)
You fade into invisibility!
* * * LOW HITPOINT WARNING * * *
You feel very sick.
The green death hits you but does no damage.
Something hits you!
* * * LOW HITPOINT WARNING * * *
You feel clumsy. Something hits you!
You die...

Action                   |  1- 3 |  4- 6 |  7- 9 | 10-12 || total
-------------------------+-------+-------+-------+-------++-------
Melee: Unarmed           |    25 |    34 |    59 |   229 ||   347
Invok: Greater Servant o |       |       |       |     1 ||     1
Evoke: Wand              |       |       |     3 |     4 ||     7
  Use: Potion            |     1 |       |     4 |    11 ||    16
       Scroll            |       |       |     1 |     8 ||     9
  Eat: Chunk             |     2 |     3 |     6 |    10 ||    21

Notes
Turn   | Place    | Note
--------------------------------------------------------------
     0 | D        | hexophile the Troll Monk began the quest for the Orb.
     0 | D        | Reached XP level 1. HP: 22/22 MP: 0/0
    16 | D        | Reached skill level 5 in Unarmed Combat
    42 | D        | Noticed an iguana
    42 | D        | Noticed a crimson imp
    42 | D        | Noticed an orc wizard
    42 | D        | Noticed an ogre
    48 | D        | Killed an iguana
    48 | D        | Reached skill level 7 in Unarmed Combat
    48 | D        | Reached XP level 2. HP: 25/29 MP: 1/1
    48 | D        | Reached XP level 3. HP: 31/36 MP: 2/2
    57 | D        | Killed an orc wizard
    57 | D        | Reached skill level 8 in Unarmed Combat
    60 | D        | Killed an ogre
    60 | D        | Reached skill level 10 in Unarmed Combat
    60 | D        | Reached XP level 4. HP: 36/44 MP: 3/3
    72 | D        | Killed a crimson imp
    72 | D        | Reached skill level 11 in Unarmed Combat
    72 | D        | Reached XP level 5. HP: 44/50 MP: 4/4
    89 | D        | Found a glowing silver altar of Zin.
    89 | D        | Found a glowing golden altar of the Shining One.
    89 | D        | Found an ancient bone altar of Kikubaaqudgha.
    89 | D        | Found a basalt altar of Yredelemnul.
    89 | D        | Found a shimmering altar of Xom.
    89 | D        | Found a radiant altar of Vehumet.
    90 | D        | Found an iron altar of Okawaru.
    91 | D        | Found a burning altar of Makhleb.
    92 | D        | Found a deep blue altar of Sif Muna.
    93 | D        | Found a bloodstained altar of Trog.
    94 | D        | Found a sparkling altar of Nemelex Xobeh.
    95 | D        | Found a white marble altar of Elyvilon.
    96 | D        | Found a roughly hewn altar of Beogh.
    97 | D        | Found a viscous altar of Jiyva.
    98 | D        | Found a corrupted altar of Lugonu.
    99 | D        | Became a worshipper of Makhleb the Destroyer
    99 | D        | Reached * piety under Makhleb
    99 | D        | Reached ** piety under Makhleb
   100 | D        | Found a blossoming altar of Fedhas.
   101 | D        | Found a snail-covered altar of Cheibriados.
   102 | D        | Found a shadowy altar of Dithmenos.
   103 | D        | Found a stormy altar of Qazlal.
   104 | D        | Found an opulent altar of Gozag.
   105 | D        | Found a sacrificial altar of Ru.
   147 | D        | Noticed a jelly
   147 | D        | Noticed a giant frog
   147 | D        | Noticed a centaur
   147 | D        | Noticed a wight
   147 | D        | Noticed an ogre
   150 | D        | Killed a jelly
   156 | D        | Killed a giant frog
   156 | D        | Reached skill level 3 in Fighting
   156 | D        | Reached skill level 3 in Dodging
   156 | D        | Reached skill level 12 in Unarmed Combat
   162 | D        | Killed a centaur
   162 | D        | Reached *** piety under Makhleb
   162 | D        | Reached XP level 6. HP: 44/62 MP: 5/5
   174 | D        | Killed a wight
   174 | D        | Reached skill level 4 in Fighting
   174 | D        | Reached skill level 4 in Dodging
   174 | D        | Reached skill level 13 in Unarmed Combat
   177 | D        | Killed an ogre
   193 | D        | Noticed a jelly
   193 | D        | Noticed a tengu warrior
   193 | D        | Noticed a big kobold
   193 | D        | Noticed a two-headed ogre
   193 | D        | Noticed a troll
   196 | D        | Noticed a soldier ant
   196 | D        | a two-headed ogre changed into a soldier ant
   197 | D        | Killed an unseen horror
   197 | D        | Reached **** piety under Makhleb
   197 | D        | Reached skill level 6 in Fighting
   197 | D        | Reached skill level 6 in Dodging
   197 | D        | Reached skill level 14 in Unarmed Combat
   197 | D        | Reached XP level 7. HP: 50/75 MP: 6/6
   201 | D        | Killed a jelly
   201 | D        | Reached XP level 8. HP: 22/83 MP: 7/7
   212 | D        | Killed a tengu warrior
   212 | D        | Reached skill level 7 in Fighting
   212 | D        | Reached skill level 7 in Dodging
   212 | D        | Reached skill level 15 in Unarmed Combat
   214 | D        | Killed a big kobold
   214 | D        | Reached ***** piety under Makhleb
   218 | D        | Killed a soldier ant
   220 | D        | Killed a troll
   220 | D        | Reached XP level 9. HP: 60/93 MP: 8/8
   399 | D        | Noticed a crocodile
   399 | D        | Noticed a black mamba
   399 | D        | Noticed a giant frog
   399 | D        | Noticed a wolf
   399 | D        | Noticed a crocodile
   399 | D        | Noticed a spiny frog
   404 | D        | Killed a crocodile
   404 | D        | Reached skill level 16 in Unarmed Combat
   406 | D        | Noticed a spiny frog
   407 | D        | Killed a black mamba
   407 | D        | Reached skill level 2 in Invocations
   408 | D        | Noticed a crocodile
   410 | D        | Noticed a hippogriff
   413 | D        | Killed a giant frog
   421 | D        | Killed a wolf
   421 | D        | Reached skill level 8 in Fighting
   421 | D        | Reached skill level 8 in Dodging
   421 | D        | Reached skill level 3 in Invocations
   423 | D        | Killed a crocodile
   428 | D        | Killed a spiny frog
   428 | D        | Reached skill level 4 in Invocations
   431 | D        | Killed a spiny frog
   431 | D        | Reached ****** piety under Makhleb
   431 | D        | Reached skill level 5 in Invocations
   433 | D        | Killed a crocodile
   435 | D        | Killed a hippogriff
   460 | D        | Noticed a spiny frog
   460 | D        | Noticed a hippogriff
   460 | D        | Noticed a hippogriff
   460 | D        | Noticed a five-headed hydra
   460 | D        | Noticed a blink frog
   460 | D        | Noticed a blink frog
   461 | D        | Noticed a giant frog
   466 | D        | Killed a spiny frog
   466 | D        | Reached skill level 17 in Unarmed Combat
   467 | D        | Noticed a porcupine
   474 | D        | Killed a nine-headed hydra
   474 | D        | Reached skill level 6 in Invocations
   474 | D        | Reached XP level 10. HP: 43/106 MP: 12/14
   479 | D        | Killed a hippogriff
   479 | D        | Reached skill level 7 in Invocations
   482 | D        | Killed a hippogriff
   482 | D        | Reached skill level 9 in Dodging
   486 | D        | Noticed a spiny frog
   490 | D        | Killed a blink frog
   490 | D        | Reached skill level 9 in Fighting
   491 | D        | Killed a giant frog
   496 | D        | Killed a porcupine
   498 | D        | Killed a spiny frog
   504 | D        | Killed a blink frog
   652 | D        | Noticed a dire elephant
   652 | D        | Noticed an elephant
   652 | D        | Noticed an elephant
   652 | D        | Noticed an elephant
   652 | D        | Noticed an elephant
   652 | D        | Noticed an elephant
   653 | D        | Noticed an elephant
   659 | D        | Killed a dire elephant
   659 | D        | Reached skill level 8 in Invocations
   662 | D        | Killed an elephant
   662 | D        | Reached skill level 18 in Unarmed Combat
   667 | D        | Killed an elephant
   667 | D        | Reached skill level 9 in Invocations
   671 | D        | Killed an elephant
   676 | D        | Killed an elephant
   683 | D        | Killed an elephant
   683 | D        | Reached XP level 11. HP: 64/117 MP: 15/17
   688 | D        | Killed an elephant
   714 | D        | Noticed an elephant
   720 | D        | Killed an elephant
   720 | D        | Reached skill level 10 in Fighting
   720 | D        | Reached skill level 10 in Dodging
   720 | D        | Reached skill level 10 in Invocations
   841 | D        | Noticed Psyche
   846 | D        | Killed Psyche
   923 | D        | Noticed an orc priest
   923 | D        | Noticed an orc wizard
   923 | D        | Noticed an orc wizard
   924 | D        | Killed an orc priest
   925 | D        | Noticed an orc knight
   926 | D        | Killed an orc wizard
   928 | D        | Noticed an orc wizard
   931 | D        | Killed an orc wizard
   933 | D        | Noticed an orc warrior
   938 | D        | Killed an orc knight
   939 | D        | Noticed an orc priest
   945 | D        | Killed an orc warrior
   950 | D        | Killed an orc wizard
   953 | D        | Killed an orc priest
   991 | D        | Noticed an orc warrior
   991 | D        | Noticed an orc warrior
   991 | D        | Noticed an orc warrior
   991 | D        | Noticed an orc warrior
   991 | D        | Noticed an orc warrior
   994 | D        | Killed an orc warrior
   995 | D        | Killed an orc warrior
   996 | D        | Noticed an orc warrior
   998 | D        | Killed an orc warrior
   999 | D        | Noticed an orc warrior
   999 | D        | Killed an orc warrior
  1000 | D        | Noticed an orc warrior
  1002 | D        | Killed an orc warrior
  1004 | D        | Noticed an orc warrior
  1007 | D        | Killed an orc warrior
  1008 | D        | Noticed an orc warrior
  1010 | D        | Noticed an orc warrior
  1012 | D        | Killed an orc warrior
  1015 | D        | Killed an orc warrior
  1019 | D        | Killed an orc warrior
  1019 | D        | Reached skill level 19 in Unarmed Combat
  1021 | D        | Killed an orc warrior
  1024 | D        | Killed an orc warrior
  1074 | D        | Found Kegedux's Weapon Emporium.
  1074 | D        | Noticed an orc priest
  1074 | D        | Noticed an orc high priest
  1074 | D        | Noticed an orc priest
  1074 | D        | Noticed an orc priest
  1074 | D        | Noticed an orc priest
  1077 | D        | Killed an orc priest
  1078 | D        | Noticed an orc priest
  1080 | D        | Killed an orc high priest
  1080 | D        | Reached skill level 11 in Invocations
  1081 | D        | Killed an orc priest
  1082 | D        | Found Vusmalat's Antique Weapon Shoppe.
  1083 | D        | Noticed an orc priest
  1086 | D        | Noticed an orc high priest
  1086 | D        | Killed an orc priest
  1087 | D        | Found Ededanun's Antique Armour Emporium.
  1088 | D        | Killed an orc priest
  1089 | D        | Killed an orc priest
  1090 | D        | Noticed an orc priest
  1092 | D        | Killed an orc priest
  1094 | D        | Killed an orc high priest
  1095 | D        | Found Zulohodi's Gadget Shoppe.
  1096 | D        | Noticed an orc high priest
  1098 | D        | Killed an orc priest
  1099 | D        | Noticed an orc high priest
  1101 | D        | Noticed an orc priest
  1104 | D        | Killed an orc high priest
  1105 | D        | Noticed an ice devil
  1105 | D        | Noticed an orc priest
  1108 | D        | Killed an orc high priest
  1113 | D        | Killed an orc priest
  1115 | D        | Killed an orc priest
  1153 | D        | Bought a large shield for 99 gold pieces
  1155 | D        | Bought a phial of floods for 480 gold pieces
  1182 | D        | Noticed Eustachio
  1206 | D        | Killed Eustachio
  1368 | D        | Noticed a centaur warrior
  1368 | D        | Noticed a centaur warrior
  1368 | D        | Noticed a freezing wraith
  1368 | D        | Noticed a crimson imp
  1368 | D        | Noticed a vampire mosquito
  1368 | D        | Noticed a vampire mosquito
  1369 | D        | Noticed a centaur warrior
  1373 | D        | Killed a centaur warrior
  1373 | D        | Reached skill level 1 in Armour
  1373 | D        | Reached skill level 11 in Dodging
  1373 | D        | Reached skill level 1 in Shields
  1378 | D        | Killed a centaur warrior
  1378 | D        | Reached skill level 11 in Fighting
  1378 | D        | Reached skill level 2 in Armour
  1378 | D        | Reached skill level 2 in Shields
  1383 | D        | Noticed a jelly
  1385 | D        | Killed a freezing wraith
  1386 | D        | Killed a crimson imp
  1388 | D        | Killed a vampire mosquito
  1390 | D        | Noticed an orb spider
  1394 | D        | Noticed a yaktaur
  1394 | D        | Killed a vampire mosquito
  1396 | D        | Noticed a tengu conjurer
  1397 | D        | Noticed a great orb of eyes
  1400 | D        | Killed a centaur warrior
  1400 | D        | Reached skill level 3 in Armour
  1400 | D        | Reached XP level 12. HP: 130/130 MP: 19/19
  1401 | D        | Noticed an ettin
  1402 | D        | Killed a jelly
  1405 | D        | Killed an orb spider
  1405 | D        | Reached skill level 3 in Shields
  1406 | D        | Noticed an ice dragon
  1408 | D        | Killed a yaktaur
  1409 | D        | Noticed a yaktaur
  1411 | D        | Killed a tengu conjurer
  1415 | D        | Killed a great orb of eyes
  1415 | D        | Reached skill level 20 in Unarmed Combat
  1420 | D        | Killed an ettin
  1420 | D        | Reached skill level 4 in Armour
  1420 | D        | Reached skill level 4 in Shields
  1428 | D        | Killed an ice dragon
  1433 | D        | Killed a yaktaur
  1578 | D        | Noticed an entropy weaver
  1578 | D        | Noticed a demonic crawler
  1578 | D        | Noticed a tarantella
  1578 | D        | Noticed a trapdoor spider
  1579 | D        | Noticed an entropy weaver
  1608 | D        | HP: 5/131 [something (9)]
  1609 | D        | HP: 1/131 [poisoned by a ghost moth]
  1611 | D        | Noticed a green death
  1616 | D        | HP: 5/131 [something (12)]
  1618 | D        | HP: 1/131 [poisoned by a ghost moth]
  1624 | D        | Slain by a ghost moth

Table legend:
 A = Turns spent in this place as a percentage of turns spent in the entire game.
 B = Non-inter-level travel turns spent in this place as a percentage of non-inter-level travel turns spent in the entire game.
 C = Inter-level travel turns spent in this place as a percentage of turns spent in this place.
 D = Turns resting spent in this place as a percentage of non-inter-level travel turns spent in this place.
 E = Turns spent auto-exploring this place as a percentage of non-inter-level travel turns spent in this place.
 F = Non-inter-level travel turns spent in this place divided by the number of levels of this place that you've seen.
                   A       B       C       D       E      F
               +-------+-------+-------+-------+-------+----------------------
         Total | 100.0 | 100.0 |   0.0 |   1.9 |   0.6 | 1051.0
       Dungeon | 100.0 | 100.0 |   0.0 |   1.9 |   0.6 | 1051.0
               +-------+-------+-------+-------+-------+----------------------

Table legend:
 A = Kills in this place as a percentage of kills in entire the game.
 B = Kills by you in this place as a percentage of kills by you in the entire game.
 C = Kills by friends in this place as a percentage of kills by friends in the entire game.
 D = Other kills in this place as a percentage of other kills in the entire game.
 E = Experience gained in this place as a percentage of experience gained in the entire game.
 F = Experience gained in this place divided by the number of levels of this place that you have seen.
                   A       B       C       D       E      F
               +-------+-------+-------+-------+-------+----------------------
         Total | 100.0 | 100.0 |  -nan |  -nan | 100.0 | 27506.0
       Dungeon | 100.0 | 100.0 |  -nan |  -nan | 100.0 | 27506.0
               +-------+-------+-------+-------+-------+----------------------

Vanquished Creatures
  A dire elephant (D)
  An ettin (D)
  A great orb of eyes (D)
  A hydra (D)
  3 centaur warriors (D)
  An ice dragon (D)
  4 orc high priests (D)
  A tengu warrior (D)
  An unseen horror (D)
  An orc knight (D)
  An orb spider (shapeshifter) (D)
  7 elephants (D)
  4 spiny frogs (D)
  A black mamba (D)
  Psyche (D)
  2 yaktaurs (D)
  A freezing wraith (D)
  A troll (D)
  A tengu conjurer (D)
  2 blink frogs (D)
  Eustachio (D)
  3 hippogriffs (D)
  2 vampire mosquitoes (D)
  A wolf (D)
  A porcupine (D)
  A soldier ant (shapeshifter) (D)
  12 orc warriors (D)
  A centaur (D)
  2 ogres (D)
  3 crocodiles (D)
  A big kobold (D)
  3 giant frogs (D)
  A wight (D)
  2 crimson imps (D)
  3 jellies (D)
  11 orc priests (D)
  An iguana (D)
  4 orc wizards (D)
  7 orcs (D)
  A bat skeleton (D)
  A goblin (D)
  A jackal (D)
  A kobold (D)
  A bat (D)
  2 rats (D)
103 creatures vanquished.
